[Event "23rd European Women Club Cup 2018"]
[Site "Halkidiki"]
[Date "2018.10.15"]
[Round "4"]
[White "Haussernot, Cecile"]
[Black "Batsiashvili, Nino"]
[Result "0-1"]
[ECO "B13"]
[WhiteElo "2204"]
[BlackElo "2482"]
[Annotator "ChessBase"]
[PlyCount "108"]
[EventDate "2018.10.12"]
[EventType "team-tourn"]
[EventCountry "GRE"]
[SourceTitle "playchess.com"]
[Source "ChessBase"]
[SourceQuality "1"]
[WhiteTeam "Mulhouse"]
[BlackTeam "Nona"]
[TimeControl "40/5400+30:1800+30"]

1. e4 c6 2. d4 d5 3. exd5 cxd5 4. Bd3 Nc6 5. c3 Qc7 6. h3 Nf6 7. Nf3 g6 8. O-O Bf5 9. Bb5 Bg7 10. Ne5 O-O 11. Bxc6 bxc6 12. Bf4 Qb6 13. Qb3 Rfc8 14. Nd2 c5 15. dxc5 Qxc5 16. Qa4 Ne4 17. Ndf3 f6 18. Nd3 Qc4 19. Qxc4 Rxc4 20. Rad1 e5 21. Bc1 a5 22. Rfe1 Rac8 23. g4 Be6 24. g5 Nxg5 25. Bxg5 Bxh3 26. Ndxe5 fxe5 27. Nxe5 Ra4 28. Rxd5 Re8 29. Kh2 Bf5 30. a3 Re4 31. Rxe4 Bxe4 32. Rxa5 Rxe5 33. Rxe5 Bxe5+ 34. f4 Bg7 35. Kg3 Kf7 36. Kf2 Ke6 37. Ke3 Bc2 38. Kd2 Bb3 39. Kd3 Kd5 40. Ke3 Bf8 41. Bf6 Bc5+ 42. Kd3 Bd6 43. Ke3 h5 44. Bg5 Bc5+ 45. Kd3 Bb6 46. a4 Bc7 47. c4+ Bxc4+ 48. Kc3 Be2 49. Kb4 h4 50. Bxh4 Bxf4 51. Ka5 g5 52. Bf2 g4 53. Bg1 g3 54. Kb6 Be5 0-1

[Event "23rd European Women Club Cup 2018"]
[Site "Halkidiki"]
[Date "2018.10.15"]
[Round "4"]
[White "Vidic, Teja"]
[Black "Ovod, Evgenija"]
[Result "0-1"]
[ECO "C07"]
[WhiteElo "2116"]
[BlackElo "2363"]
[Annotator "NA"]
[PlyCount "80"]
[EventDate "2018.10.12"]
[EventType "team-tourn"]
[EventCountry "GRE"]
[SourceTitle "playchess.com"]
[Source "ChessBase"]
[SourceQuality "1"]
[WhiteTeam "Maribor"]
[BlackTeam "SSHOR"]
[TimeControl "40/5400+30:1800+30"]

1. e4 e6 2. d4 d5 3. Nd2 c5 4. exd5 Qxd5 5. Ngf3 cxd4 6. Bc4 Qd7 7. O-O Nc6 8. Nb3 Nf6 9. Nbxd4 Nxd4 10. Nxd4 a6 11. Bg5 b5 12. Bb3 Bb7 13. c3 Bc5 14. Nf3 Qc6 15. Qe2 h6 16. Be3 Bd6 17. c4 b4 18. c5 Bc7 19. a3 bxa3 20. Rxa3 O-O 21. Rc1 a5 22. Ba4 Qe4 23. Bb5 Bd5 24. Ra4 Qg6 25. Bd4 Nh5 26. g3 Nf4 27. Qe3 Qg4 28. Ne5 Qh3 29. Bf1 Ng2 30. Qe2 f6 31. Nd3 e5 32. Bc3 Qd7 33. Rca1 Qc6 34. Bxa5 Bxa5 35. Rxa5 Rxa5 36. Rxa5 Rb8 37. Qd2 Bf3 38. Nb4 Qe4 39. c6 Nf4 40. gxf4 Qg6+ 0-1

[Event "23rd European Women Club Cup 2018"]
[Site "Halkidiki"]
[Date "2018.10.15"]
[Round "4"]
[White "Grapsa, Georgia"]
[Black "Zhukova, Natalia"]
[Result "1/2-1/2"]
[ECO "A57"]
[WhiteElo "2085"]
[BlackElo "2403"]
[Annotator "NA"]
[PlyCount "74"]
[EventDate "2018.10.12"]
[EventType "team-tourn"]
[EventCountry "GRE"]
[SourceTitle "playchess.com"]
[Source "ChessBase"]
[SourceQuality "1"]
[WhiteTeam "Thessaloniki"]
[BlackTeam "Kyiv"]
[TimeControl "40/5400+30:1800+30"]

1. d4 Nf6 2. c4 c5 3. d5 b5 4. Nf3 g6 5. e4 Bg7 6. e5 Ng4 7. Ng5 Nxe5 8. cxb5 d6 9. Be2 O-O 10. f4 Ned7 11. O-O Nf6 12. Nc3 a6 13. a4 axb5 14. Bxb5 Na6 15. Ra3 Nb4 16. Nce4 (16. Bc4 $17) 16... Bf5 $17 ({Don't play} 16... Nbxd5 17. Bc6 $17) (16... Nfxd5 $19 17. Re1 Bb7) 17. Ng3 Bc2 18. Qe2 h6 19. Nh3 Nfxd5 20. f5 Kh7 21. Raf3 Qc7 22. fxg6+ fxg6 23. Rxf8 Rxf8 24. Rxf8 Bxf8 25. Qe6 c4 26. Ne4 Bxe4 27. Qxe4 Qc5+ 28. Kh1 Nd3 29. Bxc4 N5b4 30. Be3 Qh5 31. Bxd3 Qd1+ 32. Ng1 Nxd3 33. a5 d5 34. Qf3 Qe1 35. Qxf8 Qxe3 36. Qf7+ Kh8 37. Qf8+ Kh7 1/2-1/2

[Event "23rd European Women Club Cup 2018"]
[Site "Halkidiki"]
[Date "2018.10.16"]
[Round "5"]
[White "Andolfatto, Maria"]
[Black "Mihevc-Mohr, Narcisa"]
[Result "1-0"]
[ECO "E69"]
[WhiteElo "2068"]
[BlackElo "1983"]
[Annotator "NA RC"]
[PlyCount "119"]
[EventDate "2018.10.12"]
[EventType "team-tourn"]
[EventCountry "GRE"]
[SourceTitle "playchess.com"]
[Source "ChessBase"]
[SourceQuality "1"]
[WhiteTeam "Banca Alpi Marittime"]
[BlackTeam "Maribor"]
[TimeControl "40/5400+30:1800+30"]

1. Nf3 Nf6 2. c4 g6 3. g3 Bg7 4. Bg2 O-O 5. Nc3 d6 6. d4 c6 7. O-O Nbd7 8. e4 e5 9. h3 a6 10. a4 exd4 11. Nxd4 a5 12. Re1 Nc5 {[%emt 0:10:37] E69: King's Indian: Fianchetto: 6...Nbd7 7 0-0 e5 8 e4 c6 9 h3} 13. Bf4 Nh5 $146 ({Predecessor:} 13... Re8 14. Nb3 Nh5 15. Be3 Bxc3 16. bxc3 Nxe4 17. g4 Ng7 18. Bd4 Nf6 19. Qf3 Rxe1+ 20. Rxe1 {½-½ (57) Zubkov,V (2144)-Maslov,I (2202) Kolomna 2014}) 14. Be3 Be6 15. b3 Qd7 16. Kh2 Rad8 17. f4 f5 18. Nxe6 Qxe6 19. exf5 Qxf5 20. Rc1 Qd3 21. Ne4 Qxd1 22. Rcxd1 Nxe4 23. Bxe4 Bc3 24. Re2 Rfe8 25. Bb6 Rd7 26. Rd3 Rde7 27. Rxc3 Rxe4 28. Rxe4 Rxe4 29. Bxa5 Nf6 30. Rd3 d5 31. cxd5 Nxd5 32. Kg2 Kf7 33. Kf3 Re8 34. Bd2 Re7 35. Be3 Ke6 36. Bd2 Kf7 37. b4 Nb6 38. a5 Nc4 39. Be3 Nxe3 40. Rxe3 Rd7 41. Ke4 Rd5 42. Rc3 Rb5 43. Rc4 Ke6 44. g4 Kf6 45. Kd3 c5 46. bxc5 Rxa5 47. Kd4 h5 $2 (47... Rb5 $16 {is more resistant.} 48. c6 bxc6) 48. Rb4 hxg4 49. hxg4 Ra7 50. Kd5 $18 Ke7 51. Rb6 Kf7 52. Kd6 g5 53. fxg5 Kg6 54. Kc7+ Kxg5 55. Rxb7 Ra1 56. c6 Rc1 57. Kd7 Rd1+ 58. Kc8 Kxg4 59. c7 Kf5 60. Kb8 1-0

[Event "23rd European Women Club Cup 2018"]
[Site "Halkidiki"]
[Date "2018.10.16"]
[Round "5"]
[White "Kumanska, Olena"]
[Black "Lagogianni, Niki Vasiliki"]
[Result "1-0"]
[ECO "A25"]
[WhiteElo "2054"]
[BlackElo "1152"]
[Annotator "NA RC"]
[PlyCount "65"]
[EventDate "2018.10.12"]
[EventType "team-tourn"]
[EventCountry "GRE"]
[SourceTitle "playchess.com"]
[Source "ChessBase"]
[SourceQuality "1"]
[WhiteTeam "Beer Sheva"]
[BlackTeam "Thessaloniki"]
[TimeControl "40/5400+30:1800+30"]

1. c4 e5 2. Nc3 Nc6 3. g3 Nf6 4. Bg2 Bc5 5. e3 d6 6. Nge2 O-O 7. O-O a6 8. h3 Bb6 9. d3 Be6 10. Nd5 Ba7 11. Kh2 Nb8 12. Nxf6+ Qxf6 13. Bxb7 Nd7 14. Bxa8 Rxa8 15. Ng1 Nc5 16. b4 Nb7 17. Qf3 Qxf3 18. Nxf3 a5 19. a3 c5 20. Bd2 Bb6 21. Rfb1 axb4 22. axb4 Rb8 23. bxc5 Bxc5 24. Rxb7 Re8 25. d4 exd4 26. exd4 Bxd4 27. Nxd4 Bxc4 28. Re1 Be6 29. Nxe6 fxe6 30. Bb4 d5 31. Re7 Rxe7 32. Bxe7 Kf7 33. Bc5 1-0

[Event "23rd European Women Club Cup 2018"]
[Site "Halkidiki"]
[Date "2018.10.16"]
[Round "5"]
[White "Tsivelekidou, Anthoula Elpida"]
[Black "Buzukashvili, Sofia"]
[Result "0-1"]
[ECO "E12"]
[WhiteElo "1147"]
[BlackElo "1936"]
[Annotator "NA RC"]
[PlyCount "132"]
[EventDate "2018.10.12"]
[EventType "team-tourn"]
[EventCountry "GRE"]
[SourceTitle "playchess.com"]
[Source "ChessBase"]
[SourceQuality "1"]
[WhiteTeam "Thessaloniki"]
[BlackTeam "Beer Sheva"]
[TimeControl "40/5400+30:1800+30"]

1. d4 Nf6 2. c4 e6 3. Nf3 b6 4. Bg5 Bb7 5. e3 Be7 6. Bd3 d6 7. Nc3 Nbd7 8. e4 e5 9. d5 a5 10. O-O Nc5 11. a3 h6 12. Be3 Nxd3 13. Qxd3 Nd7 14. b4 O-O 15. Rfc1 Kh7 16. Na4 axb4 17. axb4 Ba6 18. b5 Bb7 19. Nd2 Bg5 20. Nf1 g6 21. Bxg5 Qxg5 22. Qg3 Qe7 23. Ne3 f5 24. exf5 gxf5 25. Qh3 Qg5 26. Qg3 Qf6 27. Qh3 Rf7 28. Nf1 Qg5 29. Qg3 Qf6 30. Qh3 Nf8 31. Nc3 Rb8 32. Ne2 f4 33. Qd3+ Kh8 34. f3 Rg7 35. Qd2 Bc8 36. g3 Ng6 37. Ra3 Bh3 38. Kh1 Rbg8 39. Rca1 Kh7 40. Rc1 Qg5 41. Qc2 Kh8 42. Rca1 Nh4 43. Nd2 Ng2 44. Ra8 Ne3 45. Rxg8+ Rxg8 46. Qc1 Bg2+ 47. Kg1 Qh5 48. Ra3 Qh3 49. Qe1 Bxf3 50. Qf2 Bh5 51. Nf1 Nxf1 52. Qxf1 Qg4 53. Nc1 f3 54. Ra2 Qd4+ 55. Kh1 e4 56. Nb3 Qe3 57. Nc1 Kh7 58. Qg1 Qc3 59. Qf1 Rf8 60. Rf2 e3 61. Ra2 f2 62. h3 Bf3+ 63. Kh2 Be4 64. Ne2 Qe1 65. Ra1 Qxf1 66. Rxf1 Bd3 0-1

[Event "23rd European Women Club Cup 2018"]
[Site "Halkidiki"]
[Date "2018.10.17"]
[Round "6"]
[White "Muzychuk, Anna"]
[Black "Ushenina, Anna"]
[Result "1/2-1/2"]
[ECO "B52"]
[WhiteElo "2555"]
[BlackElo "2451"]
[Annotator "ChessBase"]
[PlyCount "69"]
[EventDate "2018.10.12"]
[EventType "team-tourn"]
[EventCountry "GRE"]
[SourceTitle "playchess.com"]
[Source "ChessBase"]
[SourceQuality "1"]
[WhiteTeam "Monte-Carlo"]
[BlackTeam "Ugra"]
[TimeControl "40/5400+30:1800+30"]

1. e4 c5 2. Nf3 d6 3. Bb5+ Bd7 4. Bxd7+ Qxd7 5. c4 Nf6 6. Nc3 g6 7. d4 cxd4 8. Nxd4 Bg7 9. f3 Qc7 10. b3 Qa5 11. Bd2 O-O 12. Ncb5 Qd8 13. Be3 Qa5+ 14. Qd2 Qxd2+ 15. Kxd2 Rc8 16. Rac1 Nc6 17. Ke2 Nd7 18. Rhd1 a6 19. Nxc6 bxc6 20. Nc3 Bxc3 21. Rxc3 c5 22. f4 f6 23. Bc1 a5 24. Re3 a4 25. Bb2 axb3 26. axb3 Ra2 27. Rd2 Kf7 28. e5 fxe5 29. fxe5 Nxe5 30. Bxe5 Rxd2+ 31. Kxd2 dxe5 32. Rxe5 e6 33. Kc3 Kf6 34. Re2 Ra8 35. Rf2+ 1/2-1/2

[Event "23rd European Women Club Cup 2018"]
[Site "Halkidiki"]
[Date "2018.10.17"]
[Round "6"]
[White "Gunina, Valentina"]
[Black "Muzychuk, Mariya"]
[Result "0-1"]
[ECO "D30"]
[WhiteElo "2525"]
[BlackElo "2533"]
[Annotator "ChessBase"]
[PlyCount "110"]
[EventDate "2018.10.12"]
[EventType "team-tourn"]
[EventCountry "GRE"]
[SourceTitle "playchess.com"]
[Source "ChessBase"]
[SourceQuality "1"]
[WhiteTeam "Pentole Agnelli"]
[BlackTeam "Kyiv"]
[TimeControl "40/5400+30:1800+30"]

1. d4 d5 2. c4 e6 3. Nf3 Nf6 4. g3 Bb4+ 5. Bd2 Be7 6. Bg2 O-O 7. O-O c6 8. Qc2 Nbd7 9. a3 b6 10. cxd5 cxd5 11. Bb4 a5 12. Bxe7 Qxe7 13. Nc3 Ba6 14. Rfe1 Rfc8 15. Nd2 b5 16. Qb3 Rab8 17. e4 dxe4 18. Ndxe4 b4 19. axb4 Bc4 20. Qd1 axb4 21. Nxf6+ Nxf6 22. Ne4 Rd8 23. Ra5 Rb5 24. Rxb5 Bxb5 25. Qd2 Nxe4 26. Bxe4 g6 27. h4 Qd6 28. Qg5 Bc4 29. Rc1 Bb3 30. h5 Qxd4 31. Rc7 Rf8 32. hxg6 hxg6 33. Bxg6 Qg7 34. Qe3 Bd5 35. Be4 Bxe4 36. Qxe4 Qxb2 37. Rc5 Rd8 38. Kg2 Qd4 39. Rg5+ Kf8 40. Qf3 Rb8 41. Rh5 Ke7 42. Qc6 Qd6 43. Qc4 b3 44. Qh4+ Kd7 45. Rh7 Qd5+ 46. Kh2 Qf5 47. Qd4+ Kc6 48. Rh4 b2 49. Qa7 Qb5 50. Qxf7 b1=Q 51. Qxe6+ Kb7 52. Qe7+ Ka6 53. Rh6+ Rb6 54. Rh8 Qd5 55. Qe2+ Rb5 0-1

[Event "23rd European Women Club Cup 2018"]
[Site "Halkidiki"]
[Date "2018.10.17"]
[Round "6"]
[White "Khotenashvili, Bela"]
[Black "Semenova, Elena"]
[Result "1-0"]
[ECO "E06"]
[WhiteElo "2469"]
[BlackElo "2263"]
[Annotator "ChessBase"]
[PlyCount "131"]
[EventDate "2018.10.12"]
[EventType "team-tourn"]
[EventCountry "GRE"]
[SourceTitle "playchess.com"]
[Source "ChessBase"]
[SourceQuality "1"]
[WhiteTeam "Nona"]
[BlackTeam "SSHOR"]
[TimeControl "40/5400+30:1800+30"]

1. c4 Nf6 2. d4 e6 3. g3 d5 4. Nf3 Be7 5. Bg2 O-O 6. O-O dxc4 7. Qa4 a6 8. Qxc4 b5 9. Qc2 Bb7 10. Bd2 Nc6 11. Be3 Nb4 12. Qc1 Nbd5 13. Nbd2 Nxe3 14. fxe3 Ne4 15. Nb3 Bd5 16. Ne5 Bd6 17. Nd3 h5 18. Nf4 h4 19. Nd2 Nxd2 20. Qxd2 hxg3 21. hxg3 Bxg2 22. Kxg2 e5 23. Nh3 Qe7 24. d5 e4 25. Qd4 Qe5 26. Qxe5 Bxe5 27. Rac1 Rfd8 28. Rc5 Bxb2 29. Rxc7 Rxd5 30. Rfxf7 Rf8 31. Rxf8+ Kxf8 32. Nf4 Rd6 33. Ra7 Bc1 34. Kf2 Rf6 35. Rc7 Bd2 36. Rd7 Bc1 37. Rc7 Bb2 38. Kg2 a5 39. Ra7 a4 40. Rb7 Rf5 41. g4 Rf6 42. Rxb5 a3 43. Rb8+ Kf7 44. Rb7+ Kf8 45. g5 Rd6 46. Rb4 Rd2 47. Rxe4 Ba1 48. g6 Rxa2 49. Nd5 Rxe2+ 50. Kf3 Rc2 51. Ra4 Rc8 52. Rh4 Ke8 53. Rh8+ Kd7 54. Nb6+ Kc7 55. Rxc8+ Kxb6 56. Ra8 Bb2 57. Ke4 Kc5 58. Kf5 Kb4 59. e4 Kb3 60. e5 a2 61. Rxa2 Kxa2 62. Ke6 Kb3 63. Kd6 Ba3+ 64. Kd7 Kc4 65. e6 Kd5 66. e7 1-0

[Event "23rd European Women Club Cup 2018"]
[Site "Halkidiki"]
[Date "2018.10.17"]
[Round "6"]
[White "Socko, Monika"]
[Black "Girya, Olga"]
[Result "0-1"]
[ECO "D14"]
[WhiteElo "2451"]
[BlackElo "2479"]
[Annotator "ChessBase"]
[PlyCount "114"]
[EventDate "2018.10.12"]
[EventType "team-tourn"]
[EventCountry "GRE"]
[SourceTitle "playchess.com"]
[Source "ChessBase"]
[SourceQuality "1"]
[WhiteTeam "Monte-Carlo"]
[BlackTeam "Ugra"]
[TimeControl "40/5400+30:1800+30"]

1. d4 d5 2. c4 c6 3. cxd5 cxd5 4. Bf4 Nf6 5. Nc3 Nc6 6. e3 Bf5 7. Nf3 e6 8. Qb3 Bb4 9. Ne5 Bxc3+ 10. Qxc3 Nxe5 11. Bxe5 O-O 12. Qb4 Rc8 13. Be2 Rc2 14. Bd1 Rc4 15. Qa3 Ne4 16. O-O f6 17. Bf4 g5 18. Bg3 a6 19. Bb3 Rc6 20. Qb4 Nxg3 21. fxg3 Be4 22. Rac1 Qc7 23. Qd2 Rc8 24. Rxc6 Qxc6 25. Rxf6 Qc1+ 26. Qxc1 Rxc1+ 27. Rf1 Rc6 28. g4 Kg7 29. g3 Bd3 30. Rd1 Be2 31. Rd2 Rc1+ 32. Kf2 Bxg4 33. Rc2 Rb1 34. Rc7+ Kf6 35. Rxh7 Rxb2+ 36. Kf1 b5 37. h3 Bf5 38. Ra7 Bxh3+ 39. Ke1 Bg4 40. Rxa6 Kf5 41. Rb6 Ke4 42. Rxb5 Kxe3 43. Ba4 Re2+ 44. Kf1 Bh3+ 45. Kg1 Rg2+ 46. Kh1 Rxa2 47. Rb4 Bg2+ 48. Kg1 Be4 49. Rb3+ Kxd4 50. Bd7 e5 51. Bc6 Rc2 52. Bb7 Rc3 53. Rxc3 Kxc3 54. Kh2 Kd2 55. Kh3 Bf3 56. g4 Ke3 57. Kg3 Be4 0-1

[Event "23rd European Women Club Cup 2018"]
[Site "Halkidiki"]
[Date "2018.10.17"]
[Round "6"]
[White "Mammadzada, Gunay"]
[Black "Shvayger, Yuliya"]
[Result "1/2-1/2"]
[ECO "B32"]
[WhiteElo "2438"]
[BlackElo "2375"]
[Annotator "NA"]
[PlyCount "73"]
[EventDate "2018.10.12"]
[EventType "team-tourn"]
[EventCountry "GRE"]
[SourceTitle "playchess.com"]
[Source "ChessBase"]
[SourceQuality "1"]
[WhiteTeam "Odlar Yurdu"]
[BlackTeam "Beer Sheva"]
[TimeControl "40/5400+30:1800+30"]

1. e4 c5 2. Nf3 Nc6 3. d4 cxd4 4. Nxd4 e5 5. Nb5 d6 6. N1c3 a6 7. Na3 b5 8. Nd5 Nge7 9. c4 Nxd5 10. cxd5 Nd4 11. Bd3 g6 12. O-O Bg7 13. Be3 O-O 14. Nc2 Nxc2 15. Qxc2 Bd7 16. Rac1 Rc8 17. Qd2 f5 18. Rxc8 Bxc8 19. Qb4 f4 20. Bd2 Qb6 21. Rc1 Bd7 22. a4 Bf6 23. a5 Qb8 24. Be2 Be7 25. Bc3 Rc8 26. Re1 Re8 27. Qb3 Bf6 28. Bb4 Rc8 29. g3 g5 30. Qd1 Rf8 31. Bg4 Qc8 32. Be2 Be7 33. Qd2 Qb8 34. Rc1 Rc8 35. Kg2 Rxc1 36. Qxc1 Qc8 37. Qxc8+ 1/2-1/2

[Event "23rd European Women Club Cup 2018"]
[Site "Halkidiki"]
[Date "2018.10.17"]
[Round "6"]
[White "Zimina, Olga"]
[Black "Gaponenko, Inna"]
[Result "0-1"]
[ECO "E92"]
[WhiteElo "2431"]
[BlackElo "2409"]
[Annotator "NA"]
[PlyCount "112"]
[EventDate "2018.10.12"]
[EventType "team-tourn"]
[EventCountry "GRE"]
[SourceTitle "playchess.com"]
[Source "ChessBase"]
[SourceQuality "1"]
[WhiteTeam "Pentole Agnelli"]
[BlackTeam "Kyiv"]
[TimeControl "40/5400+30:1800+30"]

1. c4 Nf6 2. Nf3 g6 3. Nc3 Bg7 4. e4 d6 5. d4 O-O 6. Be2 e5 7. Be3 c6 8. dxe5 dxe5 9. O-O Qe7 10. h3 Na6 11. a3 Nc5 12. Qc2 Nh5 13. Rfd1 Nf4 14. Bf1 Re8 15. b4 Nce6 16. g3 Nd4 17. Nxd4 exd4 18. Bxf4 dxc3 19. e5 Bf5 20. Qxc3 Bxe5 21. Bxe5 Qxe5 22. Qxe5 Rxe5 23. g4 Be6 24. f3 a5 25. Kf2 g5 26. Bd3 Kg7 27. h4 h5 28. hxg5 Rxg5 29. gxh5 Rxh5 30. Ke3 Rh4 31. Rh1 Rxh1 32. Rxh1 axb4 33. axb4 Ra3 34. Kd2 Ra2+ 35. Ke3 Ra4 36. Rb1 Ra3 37. Rg1+ Kf6 38. Kd2 Ke5 39. b5 Kd4 40. Bc2 Rxf3 41. bxc6 bxc6 42. Rg8 Rf2+ 43. Kd1 Bxc4 44. Rg4+ Kc3 45. Rg3+ Kb4 46. Be4 c5 47. Bc6 Be6 48. Ke1 Rh2 49. Rf3 c4 50. Rf4 Kb3 51. Kd1 c3 52. Kc1 Rc2+ 53. Kb1 Rb2+ 54. Kc1 Rc2+ 55. Kb1 Ra2 56. Rf3 Bf5+ 0-1

[Event "23rd European Women Club Cup 2018"]
[Site "Halkidiki"]
[Date "2018.10.17"]
[Round "6"]
[White "Bodnaruk, Anastasia"]
[Black "Dzagnidze, Nana"]
[Result "1/2-1/2"]
[ECO "B43"]
[WhiteElo "2423"]
[BlackElo "2509"]
[Annotator "ChessBase"]
[PlyCount "107"]
[EventDate "2018.10.12"]
[EventType "team-tourn"]
[EventCountry "GRE"]
[SourceTitle "playchess.com"]
[Source "ChessBase"]
[SourceQuality "1"]
[WhiteTeam "SSHOR"]
[BlackTeam "Nona"]
[TimeControl "40/5400+30:1800+30"]

1. e4 c5 2. Nf3 e6 3. d4 cxd4 4. Nxd4 a6 5. Nc3 Qc7 6. Be2 Nf6 7. O-O Be7 8. f4 d6 9. Be3 Nbd7 10. a4 b6 11. Bf3 Bb7 12. Qe2 O-O 13. g4 Nc5 14. Qg2 d5 15. exd5 exd5 16. Nxd5 Bxd5 17. Bxd5 Nxd5 18. Qxd5 Bf6 19. g5 Bxd4 20. Bxd4 Ne6 21. Qe5 Qxc2 22. Bc3 Rac8 23. a5 Rc5 24. Qe3 bxa5 25. Rxa5 Rxa5 26. Bxa5 Qf5 27. Bc3 Rd8 28. Be5 Rd3 29. Qe2 Rh3 30. Qxa6 h6 31. Qa8+ Kh7 32. gxh6 Rxh6 33. Qf3 f6 34. Bc3 Rh3 35. Qf2 Nc5 36. Qg2 Rh4 37. Be1 Rg4 38. Bg3 Ne4 39. Re1 Qc5+ 40. Kh1 Nxg3+ 41. hxg3 Rg6 42. Qf3 Qc2 43. Re2 Qd1+ 44. Kg2 Rh6 45. Qe4+ Kh8 46. Qe8+ Kh7 47. Re1 Qd2+ 48. Qe2 Qd7 49. g4 f5 50. Qc2 Rd6 51. Rh1+ Kg6 52. Qxf5+ Qxf5 53. gxf5+ Kxf5 54. Rf1 1/2-1/2

[Event "23rd European Women Club Cup 2018"]
[Site "Halkidiki"]
[Date "2018.10.17"]
[Round "6"]
[White "Nechaeva, Marina"]
[Black "Cornette, Deimante"]
[Result "0-1"]
[ECO "E15"]
[WhiteElo "2409"]
[BlackElo "2462"]
[Annotator "ChessBase"]
[PlyCount "88"]
[EventDate "2018.10.12"]
[EventType "team-tourn"]
[EventCountry "GRE"]
[SourceTitle "playchess.com"]
[Source "ChessBase"]
[SourceQuality "1"]
[WhiteTeam "Ugra"]
[BlackTeam "Monte-Carlo"]
[TimeControl "40/5400+30:1800+30"]

1. d4 Nf6 2. c4 e6 3. Nf3 b6 4. g3 Bb4+ 5. Bd2 Bxd2+ 6. Qxd2 Ba6 7. b3 O-O 8. Bg2 d5 9. O-O c5 10. Nc3 Nc6 11. Rfd1 Rc8 12. cxd5 exd5 13. dxc5 bxc5 14. e3 d4 15. Na4 Ne4 16. Qb2 Nb4 17. Ne1 Re8 18. exd4 Qf6 19. dxc5 Qxb2 20. Nxb2 Nxc5 21. Bf1 Bxf1 22. Kxf1 g6 23. Nc4 Re6 24. Nf3 Ra6 25. Nfe5 Nc2 26. Rac1 Rxa2 27. Nd6 Rb8 28. Rd5 Nxb3 29. Rcd1 Nb4 30. Nd7 Nxd5 31. Nxb8 Nd2+ 32. Kg2 a5 33. Re1 a4 34. Re5 Nf6 35. Re2 Rb2 36. Nc6 a3 37. Re3 a2 38. Ra3 Nb3 39. Ra8+ Kg7 40. Ra7 a1=Q 41. Rxf7+ Kh6 42. Rxf6 Nd2 43. h4 Qf1+ 44. Kh2 Nf3+ 0-1

[Event "23rd European Women Club Cup 2018"]
[Site "Halkidiki"]
[Date "2018.10.17"]
[Round "6"]
[White "Zhukova, Natalia"]
[Black "Paehtz, Elisabeth"]
[Result "1/2-1/2"]
[ECO "A21"]
[WhiteElo "2403"]
[BlackElo "2513"]
[Annotator "ChessBase"]
[PlyCount "118"]
[EventDate "2018.10.12"]
[EventType "team-tourn"]
[EventCountry "GRE"]
[SourceTitle "playchess.com"]
[Source "ChessBase"]
[SourceQuality "1"]
[WhiteTeam "Kyiv"]
[BlackTeam "Pentole Agnelli"]
[TimeControl "40/5400+30:1800+30"]

1. c4 d6 2. Nc3 e5 3. Nf3 g6 4. d4 Bg7 5. e4 Bg4 6. dxe5 dxe5 7. Qxd8+ Kxd8 8. Ng5 Nh6 9. h3 Bd7 10. Be3 f6 11. Nf3 Nf7 12. O-O-O c6 13. Be2 Ke7 14. Ne1 Be6 15. g3 Na6 16. b3 Bh6 17. f4 Rhd8 18. Rxd8 Rxd8 19. Nd3 exf4 20. gxf4 Ne5 21. Nf2 f5 22. h4 Nf7 23. h5 g5 24. Nh3 Bg7 25. Nd1 gxf4 26. Nxf4 fxe4 27. Nxe6 Kxe6 28. Bg4+ Ke7 29. Bf5 h6 30. Bxe4 Bd4 31. Bg6 Ng5 32. Bxd4 Rxd4 33. Ne3 Rf4 34. Nf5+ Kf6 35. Nxh6 Nb4 36. a3 Na6 37. Rg1 Nf3 38. Rg3 Ne5 39. Bc2 Rh4 40. Ng8+ Ke6 41. h6 Nc5 42. h7 a5 43. b4 axb4 44. axb4 Na6 45. Rg7 Nxb4 46. Re7+ Kd6 47. Bf5 Rh1+ 48. Kd2 Nf3+ 49. Kc3 Na2+ 50. Kb2 Rh2+ 51. Bc2 Nb4 52. Re2 Rxe2 53. h8=Q Nxc2 54. Qf6+ Kc5 55. Kc3 Ncd4 56. Qf8+ Kb6 57. Kd3 Rd2+ 58. Ke3 Re2+ 59. Kd3 Rd2+ 1/2-1/2

[Event "23rd European Women Club Cup 2018"]
[Site "Halkidiki"]
[Date "2018.10.17"]
[Round "6"]
[White "Mammadova, Gulnar"]
[Black "Kumanska, Olena"]
[Result "1-0"]
[ECO "B40"]
[WhiteElo "2355"]
[BlackElo "2054"]
[Annotator "NA"]
[PlyCount "71"]
[EventDate "2018.10.12"]
[EventType "team-tourn"]
[EventCountry "GRE"]
[SourceTitle "playchess.com"]
[Source "ChessBase"]
[SourceQuality "1"]
[WhiteTeam "Odlar Yurdu"]
[BlackTeam "Beer Sheva"]
[TimeControl "40/5400+30:1800+30"]

1. e4 c5 2. Nf3 e6 3. b3 b6 4. Bd3 Bb7 5. O-O d6 6. Bb2 Nf6 7. e5 dxe5 8. Nxe5 a6 9. Qe2 Be7 10. Nc3 O-O 11. Rae1 Nbd7 12. f4 g6 13. Nxd7 Nxd7 14. f5 e5 15. Ne4 b5 16. Kh1 Qb6 17. c4 b4 18. Qf2 Rad8 19. Qg3 Bxe4 20. Bxe4 Qd6 21. Bd5 Kg7 22. d3 f6 23. h4 a5 24. fxg6 h6 25. Rf5 Nb6 26. Be4 Nd7 27. Rh5 Rh8 28. Bc1 f5 29. Rxf5 Rdf8 30. Rh5 Nf6 31. Qxe5 Qxe5 32. Rxe5 Bd6 33. Re6 Nxe4 34. R6xe4 Bg3 35. Bb2+ Kxg6 36. Rg4+ 1-0

[Event "23rd European Women Club Cup 2018"]
[Site "Halkidiki"]
[Date "2018.10.17"]
[Round "6"]
[White "Belenkaya, Dina"]
[Black "Javakhishvili, Lela"]
[Result "0-1"]
[ECO "B22"]
[WhiteElo "2329"]
[BlackElo "2475"]
[Annotator "ChessBase"]
[PlyCount "82"]
[EventDate "2018.10.12"]
[EventType "team-tourn"]
[EventCountry "GRE"]
[SourceTitle "playchess.com"]
[Source "ChessBase"]
[SourceQuality "1"]
[WhiteTeam "SSHOR"]
[BlackTeam "Nona"]
[TimeControl "40/5400+30:1800+30"]

1. e4 c5 2. c3 Nf6 3. e5 Nd5 4. Nf3 e6 5. d4 cxd4 6. cxd4 d6 7. a3 Bd7 8. Bd3 Bc6 9. O-O Nd7 10. b4 a6 11. Nbd2 Nc3 12. Qb3 Rc8 13. exd6 Bd5 14. Bc4 Ne2+ 15. Kh1 Rxc4 16. Nxc4 b5 17. Be3 Qa8 18. Nh4 Bxc4 19. Qc2 Bxd6 20. f4 Qd8 21. g3 Qa8+ 22. Nf3 Nf6 23. Rae1 Nd5 24. Qd2 Nec3 25. Rg1 Nxf4 26. gxf4 Qxf3+ 27. Rg2 Nd5 28. Qf2 Qxf2 29. Rxf2 Nxe3 30. Rxe3 f5 31. Kg1 Kf7 32. Rh3 h6 33. Kg2 Bd5+ 34. Kf1 Rc8 35. Ke1 Rc1+ 36. Kd2 Ra1 37. Rc3 Ra2+ 38. Ke3 Rxf2 39. Kxf2 Bxf4 40. h3 g5 41. Rc8 g4 0-1

[Event "23rd European Women Club Cup 2018"]
[Site "Halkidiki"]
[Date "2018.10.17"]
[Round "6"]
[White "Babiy, Olga"]
[Black "Tsolakidou, Stavroula"]
[Result "0-1"]
[ECO "B90"]
[WhiteElo "2310"]
[BlackElo "2393"]
[Annotator "ChessBase"]
[PlyCount "138"]
[EventDate "2018.10.12"]
[EventType "team-tourn"]
[EventCountry "GRE"]
[SourceTitle "playchess.com"]
[Source "ChessBase"]
[SourceQuality "1"]
[WhiteTeam "Kyiv"]
[BlackTeam "Pentole Agnelli"]
[TimeControl "40/5400+30:1800+30"]

1. e4 c5 2. Nf3 d6 3. d4 cxd4 4. Nxd4 Nf6 5. Nc3 a6 6. Be3 e5 7. Nf3 Qc7 8. a4 Be7 9. Be2 Nbd7 10. O-O Nc5 11. Nd2 Be6 12. Bf3 O-O 13. a5 Ncd7 14. Qe2 h6 15. Rfd1 Rfe8 16. h3 Bf8 17. Ra4 Rac8 18. Qe1 Qc6 19. Nf1 Bc4 20. Nd2 Be6 21. Nf1 Qc7 22. Bc1 Ra8 23. b3 b5 24. axb6 Nxb6 25. Ra2 a5 26. Be3 Bd7 27. Rda1 Rec8 28. Bxb6 Qxb6 29. Ne3 Qb4 30. Ncd5 Nxd5 31. Nxd5 Qxe1+ 32. Rxe1 Rab8 33. Bg4 Be6 34. Ne3 Rb4 35. f3 Rc5 36. Rea1 Rc3 37. Kf2 Be7 38. Bxe6 fxe6 39. Ke2 Bg5 40. Nc4 a4 41. Rxa4 Rxa4 42. Rxa4 Rxc2+ 43. Kf1 Rc1+ 44. Ke2 Rc2+ 45. Kf1 h5 46. Nxd6 Be3 47. Ra8+ Kh7 48. Nf7 Rf2+ 49. Ke1 Rxg2 50. Nxe5 Rh2 51. Re8 Rxh3 52. Ke2 Bf4 53. Rxe6 Rh2+ 54. Kf1 h4 55. Ng4 Rb2 56. Nf2 Be3 57. Ng4 h3 58. Re5 Kg6 59. Re6+ Kf7 60. Re5 Kg6 61. Re6+ Kh5 62. Re5+ Bg5 63. f4 Kxg4 64. Rxg5+ Kxf4 65. Rf5+ Kxe4 66. Rh5 h2 67. b4 g5 68. b5 Kf3 69. Rh3+ Kg4 0-1